 Dungeon Crawl Stone Soup version 0.17-a0-1510-gb3fb22e (webtiles) character file.

102 sscrono2 the Sneak (level 4, 0/43 HPs)
             Began as an Octopode Assassin on July 12, 2015.
             Was a Follower of Kikubaaqudgha.
             Slain by an adder (1 damage)
             ... in a sewer.
             The game lasted 00:04:20 (1897 turns).

sscrono2 the Sneak (Octopode Assassin)              Turns: 1897, Time: 00:04:22

Health: 0/43       AC: 22    Str: 10    XL:     4   Next: 78%
Magic:  4/4        EV:  2    Int: 13    God:    Kikubaaqudgha [*.....]
Gold:   134        SH:  0    Dex: 14    Spells: 0 memorised, 3 levels left

rFire  . . .     SeeInvis +     a - +2 dagger
rCold  . . .     Clarity  .     (no shield)
rNeg   + + +     SustAt   .     (helmet currently unavailable)
rPois  +         Gourm    .     w - amulet of faith
rElec  .         Spirit   .     o - ring of see invisible
rCorr  .         Warding  .     (no ring)
rMut   .         NoTele   +     (no ring)
MR     .....                    (no ring)
Stlth  +++++.....               (no ring)
                                (no ring)
                                (no ring)
                                (no ring)

@: lethally poisoned (0 -> 0), tree-form, not resistant to hostile enchantments,
quite stealthy
A: almost no armour, amphibious, 8 rings, (constrict 8), (camouflage 0),
(gelatinous body 0)
a: Receive Corpses, Renounce Religion


You were in a sewer.
You worshipped Kikubaaqudgha.
Kikubaaqudgha was aware of your devotion.
You were full.
You were a tree.
You visited 1 branch of the dungeon, and saw 3 of its levels.
You also visited: Sewer.

You collected 134 gold pieces.

Inventory:

Hand weapons
 a - a +2 dagger (weapon)
 b - a +0 blowgun
Missiles
 c - 8 poisoned needles
 d - 2 curare-tipped needles
Jewellery
 o - a ring of see invisible (left branch)
 w - an amulet of faith (around neck)
Scrolls
 e - a scroll of recharging {unknown}
 i - a scroll of fear {unknown}
 j - 3 scrolls of immolation
 n - a scroll of magic mapping {unknown}
 t - a scroll of remove curse
 y - 2 scrolls of teleportation
Potions
 g - a potion of might
 h - 6 potions of flight
 k - a potion of heal wounds {unknown}
 m - a potion of degeneration {unknown}
 p - a potion of magic {unknown}
 q - a potion of curing {unknown}
 r - a potion of cure mutation {unknown}
 s - a potion of invisibility {unknown}
 v - a potion of mutation {unknown}
Books
 x - Kikubaaqudgha's Guide on Evil
   (Kikubaaqudgha gifted it to you in a sewer)

   Spells                             Type                      Level
   a - Pain                           Necromancy                   1
   b - Corpse Rot                     Necromancy                   2
   c - Sublimation of Blood           Necromancy                   2
   d - Vampiric Draining              Necromancy                   3
   e - Control Undead                 Necromancy                   4
Comestibles
 l - a bread ration
 u - 2 meat rations


   Skills:
 - Level 2.0 Fighting
 * Level 2.4 Short Blades
 * Level 2.3 Throwing
 + Level 1.4 Dodging
 + Level 7.2 Stealth
 + Level 0.1 Spellcasting
 * Level 1.2 Necromancy


You had 3 spell levels left.
You didn't know any spells.

Dungeon Overview and Level Annotations

Branches:
Dungeon (3/15)

Altars:
Kikubaaqudgha
Makhleb
Sif Muna
Trog
Xom


Innate Abilities, Weirdness & Mutations

You cannot wear most types of armour.
You are amphibious.
You can wear up to eight rings at the same time.
((You can use your tentacles to constrict eight enemies at once.))
((Your skin changes colour to match your surroundings (Stealth).))
((Your rubbery body absorbs attacks (AC +1).))


Message History

The river rat is almost dead.
The rat bites you but does no damage.
The river rat bites you but does no damage.
The adder bites you but does no damage.
You barely miss the river rat.
The river rat is almost dead.
The rat bites you but does no damage. The river rat bites you.
* * * LOW HITPOINT WARNING * * *
The adder bites you but does no damage.
You hit the river rat.
You kill the river rat!
Kikubaaqudgha accepts your kill. The adder bites you but does no damage.
The rat bites you but does no damage.
You hit the adder.
The adder is lightly wounded.
* * * LOW HITPOINT WARNING * * *
You feel sick. The adder barely misses you. The rat completely misses you.
The adder bites you.
You die...
Kikubaaqudgha rasps: "You have failed me!
Welcome... death!"

##### r....## ######
#≈...## ##≈...###
≈≈#≈≈..r####≈≈≈≈...##
#≈≈≈≈≈S♣#≈≈≈#≈≈≈...#####
####≈≈r##≈#.#†≈≈≈≈......
##≈r≈#≈#.#)≈≈≈≈≈≈≈≈##
#.#†≈##.####≈###≈≈≈#
#.#####.#...≈..###≈≈ #.
.##....†.# #≈≈ ## #
######## ###


You could see an adder and 3 rats.

Vanquished Creatures
  A siren (Sewer)
  An adder (Sewer)
  A river rat (Sewer)
  An ooze (D:3)
  4 giant geckos
  6 giant cockroaches
  7 hobgoblins
  6 kobolds
  A quokka (D:2)
  3 ball pythons (Sewer)
  6 bats
  A giant newt (D:2)
  5 goblins
  13 rats
56 creatures vanquished.

Notes
Turn   | Place    | Note
--------------------------------------------------------------
     0 | D:1      | sscrono2 the Octopode Assassin began the quest for the Orb.
     0 | D:1      | Reached XP level 1. HP: 14/14 MP: 1/1
   180 | D:1      | Reached XP level 2. HP: 12/19 MP: 2/2
   705 | D:2      | Found an ancient bone altar of Kikubaaqudgha.
   705 | D:2      | Found a deep blue altar of Sif Muna.
   709 | D:2      | Became a worshipper of Kikubaaqudgha
   736 | D:2      | Reached skill level 6 in Stealth
   951 | D:2      | Found a bloodstained altar of Trog.
   963 | D:2      | Reached XP level 3. HP: 20/24 MP: 3/3
  1259 | D:2      | Found a burning altar of Makhleb.
  1259 | D:2      | Found a shimmering altar of Xom.
  1739 | D:3      | Found a glowing drain.
  1763 | Sewer    | Entered a sewer
  1779 | Sewer    | Acquired Kikubaaqudgha's first power
  1779 | Sewer    | Received a gift from Kikubaaqudgha
  1785 | Sewer    | Identified Kikubaaqudgha's Guide on Evil (Kikubaaqudgha gifted it to you in a sewer)
  1817 | Sewer    | Reached XP level 4. HP: 19/29 MP: 4/4
  1831 | Sewer    | Reached skill level 1 in Necromancy
  1840 | Sewer    | Reached skill level 7 in Stealth
  1895 | Sewer    | HP: 2/43 [river rat (5)]
  1897 | Sewer    | Slain by an adder

Vault maps used:
D:1:      matt_arrival_spirals
D:2:      gammafunk_temple_overflow_statue, old_standard_altar,
          gammafunk_temple_overflow_wave
D:3:      portal_sewer_entry_f, corexii_item_surrounded_by_moat,
          kennysheep_decorative_pillar
Sewer:    sewer_sea

Action                   |  1- 3 |  4- 6 || total
-------------------------+-------+-------++-------
Melee: Dagger            |    84 |    25 ||   109
  Use: Scroll            |     5 |       ||     5
       Potion            |       |     1 ||     1
 Stab: Sleeping          |    20 |     5 ||    25
  Eat: Bread ration      |     2 |       ||     2
